 Dungeon Crawl Stone Soup version 0.27.0-1-g7a089689b8 (webtiles) character file.

Game seed: 15044117056675900289

14 Spaninq the Ducker (level 2, -1/15 HPs)
             Began as a Spriggan Gladiator on Aug 13, 2021.
             Slain by a jackal (3 damage)
             ... on level 2 of the Dungeon.
             The game lasted 00:00:55 (492 turns).

Spaninq the Ducker (Spriggan Gladiator)              Turns: 492, Time: 00:00:55

Health: -1/15      AC:  2    Str: 10    XL:     2   Next: 27%
Magic:  3/3        EV: 18    Int:  9    God:
Gold:   42         SH:  0    Dex: 16    Spells: 1/1 levels left

rFire    . . .     SeeInvis +   a - +0 long sword
rCold    . . .     Faith    .   (shield restricted)
rNeg     . . .     Spirit   .   b - +0 robe
rPois    .         Reflect  .   c - +0 hat
rElec    .         Harm     .   (no cloak)
rCorr    .         Rampage  .   (gloves unavailable)
Will     .....                  (boots unavailable)
Stlth    +.........             (no amulet)
HPRegen  0.05/turn              (no ring)
MPRegen  0.08/turn              (no ring)

@: very quick
A: very small, no large weapons, unfitting armour, see invisible, speed 3
a: no special abilities


You were on level 2 of the Dungeon.
You visited 1 branch of the dungeon, and saw 2 of its levels.

You collected 42 gold pieces.

Inventory:

Hand Weapons
 a - a +0 long sword (weapon)
Missiles
 d - 3 throwing nets (quivered)
Armour
 b - a +0 robe (worn)
 c - a +0 hat (worn)
Scrolls
 e - a scroll of identify {unknown}
Potions
 f - 2 potions of ambrosia {unknown}
 g - a potion of lignification {unknown}


   Skills:
 + Level 1.8 Fighting
 * Level 2.8 Long Blades
 - Level 2.0 Throwing
 + Level 4.2 Dodging


You had one spell level left.
You didn't know any spells.
Your spell library contained the following spells:

 Spells                   Type           Power      Damage    Failure   Level
 Beastly Appendage        Tmut           0%         N/A       38%         1
 Wereblood                Tmut           0%         N/A       52%         2
 Spider Form              Tmut/Pois      0%         N/A       77%         3


Dungeon Overview and Level Annotations

Branches:
Dungeon (2/15)

Altars:


Innate Abilities, Weirdness & Mutations

You are very small and have problems with some larger weapons.
You are too small for most types of armour.
You have supernaturally acute eyesight. (SInv)
You cover ground extremely quickly. (Speed+++)


Message History

You hit the jackal but do no damage. The jackal bites you.
The jackal completely misses you.
You hit the jackal.
The jackal is heavily wounded.
The jackal misses you. The jackal closely misses you.
You riposte.
You closely miss the jackal.
The jackal is heavily wounded.
You slash the jackal!
You kill the jackal!
The jackal bites you.
You completely miss the jackal. The jackal bites you.
The jackal closely misses you.
You barely miss the jackal. The jackal barely misses you. x2
You hit the jackal but do no damage. The jackal closely misses you.
You riposte.
You barely miss the jackal. You barely miss the jackal. The jackal misses you.
The jackal bites you.
You hit the jackal.
You kill the jackal!
The jackal closely misses you.
You riposte.
You closely miss the jackal. You hit the jackal.
The jackal is severely wounded.
The jackal bites you.
You miss the jackal.
The jackal is severely wounded.
The jackal bites you but does no damage.
The jackal closely misses you.
You closely miss the jackal.
The jackal is severely wounded.
The jackal misses you.
You riposte.
You hit the jackal.
The jackal is almost dead.
The jackal bites you.
You miss the jackal.
The jackal is almost dead.
The jackal bites you but does no damage.
You closely miss the jackal.
The jackal is almost dead.
The jackal bites you.
* * * LOW HITPOINT WARNING * * *
The jackal bites you.
You die...

##...#.
#...... ####
....... #..
<...... #.#
....... #.#
#....h. #@#
#.h...##h#####
#....h....#
#...#####.#
#...# #.#
#.#.# #.#
..###. #.# #.#
# #.. ## ..#


You could see 2 jackals.

Vanquished Creatures
  An endoplasm (D:2)
  A giant cockroach (D:1)
  3 goblins (D:1)
  2 hobgoblins (D:1)
  2 jackals (D:2)
  A ball python (D:1)
  A bat (D:1)
11 creatures vanquished.

Notes
Turn   | Place    | Note
-------+----------+-------------------------------------------
     0 | D:1      | Spaninq the Spriggan Gladiator began the quest for the Orb.
     0 | D:1      | Reached XP level 1. HP: 10/10 MP: 2/2
   309 | D:1      | Reached XP level 2. HP: 15/15 MP: 3/3
   464 | D:1      | You fall into a shaft and drop 1 floor!
   492 | D:2      | Slain by a jackal

Illustrated notes

Levels and vault maps discovered:
D:1:      sevenhm_arrival_forest_fort_small_5, layout_basic,
          minmay_split_cup_large
D:2:      layout_loops_ring

Action                   || total
-------------------------++-------
Melee: Long sword        ||    32
Armor: Robe              ||     4
Dodge: Dodged            ||    30
       Rpst.: Long sword ||     9
